 Dungeon Crawl Stone Soup version 0.26-a0-672-g1df16c3386 (webtiles) character file.

Game seed: 2820177754741232320

41 marklar909 the Skirmisher (level 3, -4/24 HPs)
             Began as a Formicid Abyssal Knight on Oct 19, 2020.
             Was a Follower of Lugonu.
             Slain by a worm (8 damage)
             ... on level 2 of the Dungeon.
             The game lasted 00:01:26 (2097 turns).

marklar909 the Skirmisher (Formicid Abyssal Knight) Turns: 2097, Time: 00:01:26

Health: -4/24      AC:  1    Str: 16 (17) XL:     3   Next: 75%
Magic:  4/4        EV: 11    Int:  4 (11) God:    Lugonu [*.....]
Gold:   71         SH:  0    Dex:  9 (10) Spells: 2/2 levels left

rFire    . . .     SeeInvis +   a - +1 falchion
rCold    . . .     Faith    .   (no shield)
rNeg     . . .     Spirit   .   b - +0 leather armour
rPois    .         Reflect  .   (helmet unavailable)
rElec    .         Harm     .   (no cloak)
rCorr    .         Rampage  .   (no gloves)
MR       .....                  (no boots)
Stlth    +.........             (no amulet)
HPRegen  0.08/turn              (no ring)
MPRegen  0.09/turn              (no ring)

@: no status effects
A: permanent stasis, dig shafts and tunnels, four strong arms, antennae 3,
[deformed body], [deterioration 2], [frail 2]
a: Dig, Shaft Self, Depart the Abyss, Renounce Religion


You were on level 2 of the Dungeon.
You worshipped Lugonu.
Lugonu was aware of your devotion.
You visited 1 branch of the dungeon, and saw 2 of its levels.
You visited the Abyss 1 time.

You collected 71 gold pieces.

Inventory:

Hand Weapons
 a - a +1 falchion (weapon)
Armour
 b - a +0 leather armour (worn)
Jewellery
 i - a +6 ring of dexterity {unknown}
Scrolls
 c - a scroll of enchant weapon {unknown}
 d - a scroll of fear {unknown}
 e - 2 scrolls of identify {unknown}
 g - 2 scrolls of remove curse {unknown}
Potions
 f - 2 potions of stabbing {unknown}
 h - 2 potions of might {unknown}


   Skills:
 + Level 3.9 Fighting
 + Level 2.5 Long Blades
 + Level 2.4 Armour
 + Level 1.4 Dodging
 + Level 2.4 Invocations


You had 2 spell levels left.
You didn't know any spells.
Your spell library was empty.

Dungeon Overview and Level Annotations

Branches:
Dungeon (2/15)

Altars:
Uskayaw
Vehumet


Innate Abilities, Weirdness & Mutations

You cannot be hasted, slowed, berserked, paralysed or teleported.
You can dig through walls and to a lower floor.
Your four strong arms can wield two-handed weapons with a shield.
You have a pair of large antennae on your head. (SInv)
[Armour fits poorly on your strangely shaped body.]
[Your body often deteriorates upon taking damage.]
[You are very frail. (-20% HP)]


Message History

You hit the worm but do no damage. The worm bites you!
A worm is nearby!
A worm is nearby!
You barely miss the worm. You barely miss the worm. The worm barely misses you.
You riposte.
You hit the worm.
The worm is lightly wounded.
You barely miss the worm.
The worm is lightly wounded.
The worm bites you.
You are too injured to fight recklessly!
You are too injured to fight recklessly!
You are too injured to fight recklessly!
You are too injured to fight recklessly!
The worm bites you!
* * * LOW HITPOINT WARNING * * *
Your body deteriorates!
You feel dopey.
You barely miss the worm. You barely miss the worm. The worm bites you!
You die...

#..###.#.#
#..##....#
#........# ##
#####...## ## ..
#...# ..##. #...#
... #######...#####
#.####..............
#.w@................
#..###....[.[.......
#...#
#######(..#####
{#...? #...##...
#.... #...##.##
.....# #...##.##
#####.# #........ .#
#...##.## ######.##


You could see a worm.

Vanquished Creatures
  4 dart slugs (D:1)
  A leopard gecko (D:1)
  An orc (D:2)
  2 giant cockroaches (D:1)
  5 goblins
  3 hobgoblins
  5 bats
  2 frilled lizards (D:1)
  3 kobolds (D:1)
  3 rats (D:1)
29 creatures vanquished.

Notes
Turn   | Place    | Note
-------+----------+-------------------------------------------
     0 | Abyss:1  | marklar909 the Formicid Abyssal Knight began the quest for
                  | the Orb.
     0 | Abyss:1  | Reached XP level 1. HP: 18/18 MP: 2/2
    13 | Abyss:1  | Noticed a wretched star
    30 | D:1      | Escaped the Abyss
   321 | D:1      | Reached skill level 1 in Dodging
   326 | D:1      | Reached * piety under Lugonu
   326 | D:1      | Reached XP level 2. HP: 10/19 MP: 3/3
   863 | D:1      | Reached XP level 3. HP: 10/24 MP: 4/4
  1709 | D:2      | Found a hide-covered altar of Uskayaw.
  1709 | D:2      | Found a radiant altar of Vehumet.
  2097 | D:2      | Slain by a worm

Illustrated notes

Levels and vault maps discovered:
D:1:      lightli_arrival_isolated_outpost, layout_loops_ring
D:2:      layout_loops_cross, gammafunk_temple_overflow_wave

Skill      XL: |  1 |
---------------+----+-----
Dodging        | 1 |  1.4
Fighting       | |  3.9
Long Blades    | |  2.5
Armour         | |  2.4
Invocations    | |  2.4

Action                   || total
-------------------------++-------
Melee: Falchion          ||   102
Invok: Depart the Abyss  ||     1
Armor: Leather armour    ||     9
Dodge: Dodged            ||    62
       Rpst.: Falchion   ||    17

Table legend: (Time is in decaauts)
 A = Elapsed time spent in this place.
 B = Non-inter-level travel time spent in this place.
 C = Inter-level travel time spent in this place.
 D = Time resting spent in this place.
 E = Time spent auto-exploring this place.
 F = Levels seen in this place.
 G = Mean time per level.
                   A        B        C        D        E       F      G
               +--------+--------+--------+--------+--------+-----+--------+
         Total |   2123 |   2117 |      6 |    158 |   1722 |   3 |  707.7 |
       Dungeon |   2091 |   2085 |      6 |    158 |   1710 |   2 | 1045.5 |
         Abyss |     31 |     31 |      0 |      0 |     12 |   1 |   31.0 |
               +--------+--------+--------+--------+--------+-----+--------+

Top non-repeatable levels by time:
     D:1: 1655 daAuts
     D:2: 436 daAuts
 Abyss:1: 31 daAuts
